 Dungeon Crawl Stone Soup version 0.22-a0-247-gbddf880757 (webtiles) character file.

2262 Peterchen the Cleaver (level 9, -12/70 HPs)
             Began as a Minotaur Berserker on Feb 25, 2018.
             Was an Elder of Trog.
             Killed from afar by Dowan (21 damage)
             ... with a shard of ice
             ... on level 6 of the Dungeon.
             The game lasted 00:11:25 (4996 turns).

Peterchen the Cleaver (Minotaur Berserker)          Turns: 4996, Time: 00:11:26

Health: -12/70     AC:  7    Str: 24    XL:     9   Next: 15%
Magic:  8/8        EV: 10    Int:  4    God:    Trog [****..]
Gold:   174        SH:  0    Dex: 11    Spells: 8/8 levels left

rFire    . . .     SeeInvis .   q - +0 war axe
rCold    . . .     Gourm    .   (no shield)
rNeg     . . .     Faith    .   j - +0 scale mail
rPois    +         Spirit   .   (helmet restricted)
rElec    .         Reflect  .   (no cloak)
rCorr    .         Harm     .   n - +0 pair of gloves
MR       .....                  (no boots)
Stlth    ..........             (no amulet)
HPRegen  0.21/turn              b - ring of poison resistance
MPRegen  0.11/turn              (no ring)

@: berserk cooldown, slowed, very slow
A: retaliatory headbutt, horns 2
a: Berserk, Trog's Hand, Brothers in Arms, Renounce Religion


You were on level 6 of the Dungeon.
You worshipped Trog.
Trog was greatly pleased with you.
You were very hungry.

You visited 1 branch of the dungeon, and saw 6 of its levels.

You collected 174 gold pieces.

Inventory:

Hand Weapons
 q - a +0 war axe (weapon)
Armour
 j - a +0 scale mail (worn)
 n - a +0 pair of gloves (worn)
Jewellery
 b - a ring of poison resistance (left hand)
Wands
 p - a wand of flame (25)
Scrolls
 d - 3 scrolls of remove curse
 e - 2 scrolls of teleportation
 i - 2 scrolls of magic mapping {unknown}
 o - 2 scrolls of amnesia {unknown}
 r - 3 scrolls of enchant weapon {unknown}
 t - a scroll of blinking {unknown}
 v - 2 scrolls of identify
 x - a scroll of fog {unknown}
Potions
 a - a potion of degeneration {unknown}
 f - a potion of ambrosia {unknown}
 g - a potion of heal wounds {unknown}
 h - 5 potions of curing {unknown}
 k - 5 potions of haste {unknown}
 l - 2 potions of might {unknown}
 m - 2 potions of lignification {unknown}
 s - a potion of flight {unknown}
 u - a potion of resistance {unknown}
 z - a potion of agility {unknown}
Comestibles
 c - 12 rations
 w - 6 chunks of flesh


   Skills:
 - Level 3.6 Fighting
 * Level 14.2 Axes
 - Level 2.4 Armour
 - Level 2.1 Dodging


You had 8 spell levels left.
You didn't know any spells.

Dungeon Overview and Level Annotations

Branches:
Dungeon (6/15)             Temple (0/1) D:4

Altars:
Dithmenos
Kikubaaqudgha
Sif Muna
Vehumet
Zin

Shops:
D:5 (

Annotations:
D:6 Dowan


Innate Abilities, Weirdness & Mutations

You reflexively headbutt those who attack you in melee.
You have a pair of horns on your head.


Message History

Duvessa dies!
Trog accepts your kill.
Dowan seems overcome with grief, but rights himself reflexively soon after.
Dowan seems to find hidden reserves of power!
Dowan barely misses you.
The ogre hits your two-headed ogre with a giant club!
Your two-headed ogre hits the ogre with a giant club!!
The ogre dies!
Trog accepts your kill.
You completely miss Dowan. Dowan hits you but does no damage.
Dowan shakes with grief.
Dowan hits you but does no damage.
You slash Dowan!
Dowan is heavily wounded.
Dowan barely misses you. Dowan hits you but does no damage.
You hit Dowan. Your headbutt misses Dowan.
Dowan is almost dead.
Dowan casts a spell at you. The shard of ice hits you!
You die...

...#.# #.# #. .###.# #.#
#.#### .....# #.# # b....#
.....# #.# #.#.... ...#.#
#.#.#.#..# ...#.# #.#......#
...#.#######.####..##########
..##.#..........e....<......#
#....#.#####.###@##########.#
#.##..## #...##O## # #. #.##
..#####.))#.# .. #.#
#......)#)..# ####.#
..#####...#.# ..##.# ##.##.#
..##.# #.# # #..#.# #.#
##'#>. #.#


You could see Dowan and a friendly two-headed ogre (berserk).

Vanquished Creatures
  The ghost of Manul the Covert, a novice VSAs (D:6)
  Sigmund (D:5)
  An ice beast (D:5)
  A big kobold (D:5)
  2 bullfrogs
  6 scorpions (D:5)
  A howler monkey (D:4)
  A crimson imp (D:6)
  An orc priest (D:5)
  A hound (D:6)
  3 jellies (D:5)
  6 orc wizards
  Ijyb (D:3)
  Natasha (thrice) (D:3)
  A worker ant (D:5)
  A hound zombie (D:6)
  Robin (D:4)
  A gnoll (D:5)
  11 adders
  4 river rats (D:3)
  An adder zombie (D:5)
  6 worms
  2 dart slugs (D:1)
  A leopard gecko (D:1)
  18 orcs
  15 bats
  3 giant cockroaches
  16 goblins
  10 hobgoblins
  17 jackals
  11 kobolds
  3 quokkas
  A ball python (D:5)
  3 frilled lizards
  A quokka skeleton (D:4)
  10 rats
  A fungus (D:5)
167 creatures vanquished.

Vanquished Creatures (collateral kills)
  Eustachio (D:6)
  Duvessa (D:6)
  A phantom (D:6)
  An ogre (D:6)
4 creatures vanquished.

Vanquished Creatures (others)
  A fungus (D:5)
1 creature vanquished.

Grand Total: 172 creatures vanquished

Notes
Turn   | Place    | Note
-------+----------+-------------------------------------------
     0 | D:1      | Peterchen the Minotaur Berserker began the quest for the Orb.
     0 | D:1      | Reached XP level 1. HP: 19/19 MP: 0/0
    61 | D:1      | Reached skill level 4 in Axes
   361 | D:1      | Reached XP level 2. HP: 20/26 MP: 1/1
   495 | D:1      | Reached skill level 5 in Axes
   555 | D:1      | Reached XP level 3. HP: 28/31 MP: 2/2
   642 | D:1      | Reached ** piety under Trog
  1355 | D:2      | Found a shadowy altar of Dithmenos.
  1361 | D:2      | Found a glowing silver altar of Zin.
  1361 | D:2      | Found a radiant altar of Vehumet.
  1921 | D:3      | Reached skill level 6 in Axes
  1921 | D:3      | Reached XP level 4. HP: 39/39 MP: 3/3
  1997 | D:3      | Noticed Ijyb
  2220 | D:3      | Noticed Natasha
  2228 | D:3      | Killed Natasha
  2270 | D:3      | Killed Ijyb
  2270 | D:3      | Reached skill level 7 in Axes
  2270 | D:3      | Reached XP level 5. HP: 40/45 MP: 4/4
  2320 | D:3      | Noticed Natasha
  2324 | D:3      | Killed Natasha
  2415 | D:3      | Reached *** piety under Trog
  2489 | D:3      | Found an ancient bone altar of Kikubaaqudgha.
  2591 | D:3      | Reached skill level 8 in Axes
  2636 | D:3      | Reached XP level 6. HP: 43/51 MP: 5/5
  2738 | D:3      | Noticed Natasha
  2742 | D:3      | Killed Natasha
  2938 | D:4      | Reached skill level 9 in Axes
  3190 | D:4      | Noticed Robin
  3200 | D:4      | Reached **** piety under Trog
  3202 | D:4      | Received a gift from Trog
  3204 | D:4      | Killed Robin
  3204 | D:4      | Reached XP level 7. HP: 57/57 MP: 6/6
  3292 | D:4      | Found a deep blue altar of Sif Muna.
  3366 | D:4      | Found a staircase to the Ecumenical Temple.
  3535 | D:5      | Entered Level 5 of the Dungeon
  3585 | D:5      | Found Fos Quag's Antique Weapon Emporium.
  3589 | D:5      | Reached skill level 10 in Axes
  3724 | D:5      | Reached skill level 11 in Axes
  4050 | D:5      | Reached XP level 8. HP: 50/64 MP: 7/7
  4362 | D:5      | Noticed Sigmund
  4371 | D:5      | Killed Sigmund
  4371 | D:5      | Reached skill level 12 in Axes
  4726 | D:6      | Noticed Eustachio
  4826 | D:6      | Noticed Manul's ghost (novice VSAs)
  4830 | D:6      | Killed Manul's ghost
  4830 | D:6      | Reached skill level 13 in Axes
  4957 | D:6      | Reached XP level 9. HP: 59/70 MP: 8/8
  4983 | D:6      | Noticed Duvessa
  4984 | D:6      | Noticed Dowan
  4990 | D:6      | Killed Eustachio
  4990 | D:6      | Reached skill level 14 in Axes
  4993 | D:6      | Killed Duvessa
  4996 | D:6      | Killed from afar by Dowan

Vault maps used:
D:1:      enne_arrival_octagon_isle
D:2:      gammafunk_temple_overflow_forgotten, first_ration
D:3:      overflow_temple_1_default, serial_glass, glass_columns_b,
          glass_columns_a, glass_columns_a, lightli_sewer_entry_pipes,
          grunt_decor_one_mirror, minmay_misc_feat_secret_circle,
          minmay_misc_feat_diagonals, uniq_natasha, uniq_ijyb
D:4:      kennysheep_mini, minmay_temple_entry_poolview, uniq_robin
D:5:      old_forge, serial_shops, shop, sigmund_army
D:6:      minmay_misc_feat_tower, supply_closet_lemuel, uniq_duvessa,
          uniq_eustachio

Skill      XL: |  1  2  3  4  5  6  7  8  9 |
---------------+----------------------------+-----
Axes           | 4 5 6 7 8 9 11 13 14 | 14.2
Fighting       | |  3.6
Armour         | |  2.4
Dodging        | |  2.1

Action                   |  1- 3 |  4- 6 |  7- 9 || total
-------------------------+-------+-------+-------++-------
Melee: Hand axe          |    78 |    58 |       ||   136
       Headbutt          |    13 |    23 |    29 ||    65
       War axe           |       |    71 |   157 ||   228
Invok: Berserk           |       |     4 |     4 ||     8
       Brothers in Arms  |       |       |     1 ||     1
  Use: Scroll            |     2 |     1 |       ||     3
 Stab: Sleeping          |     1 |       |       ||     1
  Eat: Chunk             |     3 |     7 |    10 ||    20
Armor: Animal skin       |    12 |       |       ||    12
       Scale mail        |     7 |    84 |    64 ||   155
Dodge: Dodged            |    39 |    85 |    95 ||   219

Table legend:
 A = Spawn XP
 B = Non-spawn XP
 C = Spawn XP percentage of total XP
 D = Spawn monster count
 E = Non-spawn monster count
 F = Spawn count percentage of total count
 G = Total turns spent on level
                    A         B        C        D         E        F      G
               +---------+---------+-------+---------+---------+-------+---------
         Total |       0 |    3232 |   0.0 |       0 |     170 |   0.0 |  4996
               +---------+---------+-------+---------+---------+-------+---------
           D:1 |       0 |      58 |   0.0 |       0 |      31 |   0.0 |   967
           D:2 |       0 |      37 |   0.0 |       0 |      13 |   0.0 |   952
           D:3 |       0 |     342 |   0.0 |       0 |      36 |   0.0 |   965
           D:4 |       0 |     374 |   0.0 |       0 |      28 |   0.0 |   651
           D:5 |       0 |    1197 |   0.0 |       0 |      45 |   0.0 |  1228
           D:6 |       0 |    1224 |   0.0 |       0 |      17 |   0.0 |   233
               +---------+---------+-------+---------+---------+-------+---------
